 Dungeon Crawl Stone Soup version 0.24-a0-584-g9d6b971ae4 (webtiles) character file.

Game seed: 15590069073557938861, levelgen mode: deterministic

2267404 bmfx the Crack Shot (level 27, 180/180 HPs)
             Began as a Tengu Hunter on Sept 3, 2019.
             Was the Champion of Okawaru.
             Escaped with the Orb
             ... and 4 runes on Sept 4, 2019!
             The game lasted 03:11:33 (78190 turns).

bmfx the Crack Shot (Tengu Hunter)                 Turns: 78190, Time: 03:11:33

Health: 180/180    AC: 50    Str: 28    XL:     27
Magic:  43/43      EV: 23    Int: 14    God:    Okawaru [******]
Gold:   6349       SH:  0    Dex: 17    Spells: 43/56 levels left

rFire    + + .     SeeInvis +   a - +9 longbow of Optimality {god gift, speed, Int+2}
rCold    + . .     Gourm    .   (shield currently unavailable)
rNeg     + . .     Faith    .   G - +12 crystal plate armour of the Salmon {god gift, rF+ rC- Dex+2 Slay+2}
rPois    +         Spirit   .   c - +2 hat {MR+} {god gift}
rElec    +         Reflect  .   W - +2 cloak of the Shoals {god gift, rN+ Int+4 SInv}
rCorr    .         Harm     .   C - +1 pair of gloves of the Louse {god gift, rElec rC++ Str+4 Dex-4}
MR       +++++     Rnd*Rage +   (boots unavailable)
Stlth    ..........             F - necklace of Bloodlust {*Rage +Rage MR++ Int-3 Slay+6 *Curse} (curse)
HPRegen  0.40/turn              z - ring of protection from magic
MPRegen  0.28/turn              h - ring of Gimellus {rPois rF+ Str+2 SInv}

@: flying quickly and evasively, deflect missiles, quick
A: beak, talons 3, iridescent scales 1, dopey 1, electricity resistance, strong
1, able to fly
0: Orb of Zot
}: 4/15 runes: barnacled, slimy, silver, gossamer
a: Stop Flying, Heroism, Finesse, Renounce Religion, Evoke Berserk Rage


You escaped.
You worshipped Okawaru.
Okawaru was exalted by your worship.
You were very full.

You visited 12 branches of the dungeon, and saw 58 of its levels.
You also visited: Ice Cave and Wizlab.

You collected 7614 gold pieces.
You spent 1265 gold pieces at shops.


Innate Abilities, Weirdness & Mutations

You have a beak for a mouth.
You have claws for feet.
You can fly continuously.
You are partially covered in iridescent scales. (AC +2)
You are dopey. (Int -2)
You are resistant to electric shocks. (rElec)
Your muscles are strong. (Str +2)

Dungeon Overview and Level Annotations

Branches:
Dungeon (15/15)            Temple (1/1) D:5            Lair (6/6) D:9
 Shoals (4/4) Lair:2       Spider (4/4) Lair:4        Slime (5/5) Lair:6
    Orc (2/2) D:11            Elf (3/3) Orc:2        Vaults (5/5) D:13
  Crypt (3/3) Vaults:3       Tomb (0/3) Crypt:3      Depths (5/5) D:15
    Zot (5/5) Depths:5      IceCv (visited)          WizLab (visited)

Altars:
Ashenzari
Cheibriados
Dithmenos
Elyvilon
Fedhas
Gozag
Hepliaklqana
Kikubaaqudgha
Makhleb
Nemelex Xobeh
Okawaru
Qazlal
Ru
Sif Muna
Trog
Uskayaw
Vehumet
Wu Jian
Xom
Yredelemnul
Zin
The Shining One
Beogh
Jiyva

Shops:
D:6 (   D:8 %   D:9 ([(   D:11 }*   D:12 }   Orc:2 %*??   Elf:1 *=   Elf:2 ?
Shoals:3 *   Vaults:3 [   Depths:2 !   Depths:4 (}   Depths:5 =}}

Portals:
Hell: Depths:1 Depths:3 Depths:4 Depths:5
Abyss: Depths:4
Pandemonium: Depths:3 Depths:4
Ziggurat: Depths:3

Annotations:
Shoals:3 2 transporters


   Skills:
 + Level 20.7 Fighting
 - Level 18.0 Axes
 - Level 22.0 Bows
 + Level 20.8 Armour
 - Level 22.0 Dodging
 - Level 1.0 Stealth
 - Level 15.0 Spellcasting
 - Level 15.0 Charms
 - Level 10.0 Translocations
 - Level 20.0 Air Magic
 - Level 8.0 Invocations
 - Level 8.0 Evocations


You had 43 spell levels left.
You knew the following spells:

 Your Spells              Type           Power        Failure   Level  Hunger
a - Apportation           Tloc           #####.       1%          1    None
b - Blink                 Tloc           N/A          1%          2    None
m - Deflect Missiles      Chrm/Air       ######....   8%          6    ######.
A - Summon Lightning Spi  Summ/Air       #####...     11%         4    ##.....

Your spell library contained the following spells:

 Spells                   Type           Power        Failure   Level  Hunger
 Infusion                 Chrm           ####         1%          1    None
 Shock                    Conj/Air       ####         1%          1    None
 Shroud of Golubria       Chrm/Tloc      #####.       1%          2    None
 Song of Slaying          Chrm           ######..     1%          2    None
 Swiftness                Chrm/Air       ######..     1%          2    None
 Airstrike                Air            ######....   1%          4    ##.....
 Gell's Gravitas          Tloc           #####.....   3%          3    None
 Lesser Beckoning         Tloc           #####.....   3%          3    None
 Static Discharge         Conj/Air       #####...     3%          3    None
 Teleport Other           Tloc           #####...     3%          3    None
 Regeneration             Chrm/Necr      ####......   9%          3    None
 Spectral Weapon          Hex/Chrm       ####....     9%          3    None
 Recall                   Summ/Tloc      N/A          26%         3    None
 Lightning Bolt           Conj/Air       #####.....   30%         5    ####...
 Silence                  Hex/Air        #####.....   30%         5    ####...
 Animate Skeleton         Necr           N/A          54%         1    None
 Beastly Appendage        Tmut           ##....       54%         1    None
 Confusing Touch          Hex            ##....       54%         1    None
 Corona                   Hex            ##.....      54%         1    None
 Flame Tongue             Conj/Fire      ##...        54%         1    None
 Magic Dart               Conj           ##..         54%         1    None
 Pain                     Necr           ##..         54%         1    None
 Sting                    Conj/Pois      ##..         54%         1    None
 Summon Small Mammal      Summ           ##..         54%         1    None
 Force Lance              Conj/Tloc      ###.....     63%         4    ##.....
 Call Imp                 Summ           ##......     69%         2    None
 Corpse Rot               Necr           N/A          69%         2    None
 Ensorcelled Hibernation  Hex/Ice        ##....       69%         2    None
 Searing Ray              Conj           ##....       69%         2    None
 Sticks to Snakes         Tmut           ##......     69%         2    None
 Throw Flame              Conj/Fire      ##....       69%         2    None
 Conjure Ball Lightning   Conj/Air       #####.....   86%         6    ######.
 Call Canine Familiar     Summ           ##......     89%         3    None
 Confuse                  Hex            ##......     89%         3    None
 Conjure Flame            Conj/Fire      ##......     89%         3    None
 Dazzling Spray           Conj/Hex       ##....       89%         3    None
 Ignite Poison            Fire/Tmut/Pois ##......     89%         3    None
 Inner Flame              Hex/Fire       ##......     89%         3    None
 Spider Form              Tmut/Pois      ##........   89%         3    None
 Stone Arrow              Conj/Erth      ##....       89%         3    None
 Summon Guardian Golem    Hex/Summ       ##......     89%         3    None
 Vampiric Draining        Necr           ##........   89%         3    None
 Summon Forest            Summ/Tloc      ###.......   93%         5    ####...
 Animate Dead             Necr           N/A          100%        4    ##.....
 Cause Fear               Hex            ##........   100%        4    ##.....
 Fulminant Prism          Conj/Hex       ##........   100%        4    ##.....
 Ice Form                 Ice/Tmut       ##......     100%        4    ##.....
 Iskenderun's Mystic Bla  Conj           ##......     100%        4    ##.....
 Leda's Liquefaction      Hex/Erth       ##........   100%        4    ##.....
 Petrify                  Tmut/Erth      ##......     100%        4    ##.....
 Sticky Flame             Conj/Fire      ##......     100%        4    ##.....
 Summon Ice Beast         Ice/Summ       ##......     100%        4    ##.....
 Alistair's Intoxication  Tmut/Pois      ##......     100%        5    ####...
 Aura of Abjuration       Summ           ##........   100%        5    ####...
 Blade Hands              Tmut           ##........   100%        5    ####...
 Borgnjor's Vile Clutch   Necr/Erth      ##........   100%        5    ####...
 Fireball                 Conj/Fire      ##........   100%        5    ####...
 Metabolic Englaciation   Hex/Ice        ##........   100%        5    ####...
 Summon Demon             Summ           ##........   100%        5    ####...
 Summon Mana Viper        Hex/Summ       ##......     100%        5    ####...
 Yara's Violent Unravell  Hex/Tmut       ##........   100%        5    ####...
 Bolt of Cold             Conj/Ice       ##........   100%        6    ######.
 Bolt of Fire             Conj/Fire      ##........   100%        6    ######.
 Darkness                 Hex            ##........   100%        6    ######.
 Hydra Form               Tmut           ##........   100%        6    ######.
 Shadow Creatures         Summ           N/A          100%        6    ######.
 Statue Form              Tmut/Erth      ##.......    100%        6    ######.
 Dragon Form              Tmut           ##........   100%        7    #######
 Ring of Flames           Chrm/Fire      ####......   100%        7    #######
 Summon Hydra             Summ           ##........   100%        7    #######
 Discord                  Hex            ##........   100%        8    #######
 Disjunction              Tloc           #####.....   100%        8    #######
 Ignition                 Fire           ##........   100%        8    #######
 Shatter                  Erth           ##........   100%        9    #######
 Tornado                  Air            ######....   100%        9    #######
 Passage of Golubria      Tloc           Unusable     N/A         4    N/A

Action                   |  1- 3 |  4- 6 |  7- 9 | 10-12 | 13-15 | 16-18 | 19-21 | 22-24 | 25-27 || total
-------------------------+-------+-------+-------+-------+-------+-------+-------+-------+-------++-------
Melee: Short sword       |    64 |   105 |   201 |   147 |       |       |       |       |       ||   517
       Kick              |    11 |    22 |    57 |    46 |       |    31 |    13 |     3 |    12 ||   195
       Peck              |     6 |    16 |    30 |    27 |       |    22 |    12 |     1 |     7 ||   121
       Punch             |       |       |       |     1 |       |     1 |     1 |       |     1 ||     4
       Broad axe         |       |       |       |       |       |    98 |    35 |     8 |    40 ||   181
       Longbow           |       |       |       |       |       |     2 |       |       |       ||     2
 Fire: Shortbow          |     9 |    40 |    87 |   851 |   349 |       |       |       |       ||  1336
       Longbow           |       |       |       |       |   978 |  1639 |  1783 |  2212 |  3810 || 10422
Throw: Stone             |    16 |     5 |     1 |       |       |       |       |       |       ||    22
       Dart              |       |     7 |    27 |       |       |       |       |       |       ||    34
 Cast: Apportation       |       |       |       |       |       |       |       |       |    76 ||    76
       Blink             |       |       |       |       |       |       |       |       |     9 ||     9
       Deflect Missiles  |       |       |       |       |       |       |       |       |     8 ||     8
Invok: Heroism           |       |       |       |    15 |    21 |    18 |    20 |     9 |    25 ||   108
       Finesse           |       |       |       |       |     7 |     8 |    11 |     7 |    16 ||    49
 Abil: Fly               |       |     1 |       |       |       |       |       |       |     2 ||     3
       Stop Flying       |       |       |       |       |       |       |       |       |     2 ||     2
Evoke: Wand              |       |       |     4 |     2 |     4 |       |       |     2 |     4 ||    16
  Use: Scroll            |     3 |     1 |     7 |    10 |     9 |    10 |     8 |     5 |    19 ||    72
       Potion            |       |       |       |     3 |       |       |     7 |       |    20 ||    30
 Stab: Sleeping          |     4 |       |       |     1 |       |       |       |       |       ||     5
       Invisible         |       |       |       |       |       |       |     3 |       |       ||     3
  Eat: Chunk             |     3 |     8 |    11 |    19 |    11 |    16 |    23 |    16 |    29 ||   136
       Ration            |       |       |     1 |       |     4 |     3 |     2 |     3 |    10 ||    23
Armor: Leather armour    |     8 |    10 |       |       |       |       |       |       |       ||    18
       Ring mail         |       |     5 |    47 |    39 |       |       |       |       |       ||    91
       Skin              |       |       |       |     4 |       |       |       |       |       ||     4
       Acid dragon scale |       |       |       |    15 |    33 |    94 |    15 |       |       ||   157
       Ice dragon scales |       |       |       |       |       |     6 |       |       |       ||     6
       Fire dragon scale |       |       |       |       |       |       |    22 |       |       ||    22
       Crystal plate arm |       |       |       |       |       |       |    84 |   244 |   632 ||   960
Dodge: Dodged            |    29 |    83 |   183 |   283 |   161 |   502 |   264 |   315 |  1075 ||  2895
       Deflected         |       |       |       |       |       |       |       |       |    27 ||    27

Skill      XL: |  1  2  3  4  5  6  7  8  9 10 11 12 13 14 15 16 17 18 19 20 21 22 23 24 25 26 27 |
---------------+----------------------------------------------------------------------------------+-----
Fighting       | 3 4 5 6 8 10 11 13 15 16 18 19 20 | 20.7
Dodging        | 3 4 5 7 8 10 12 14 15 16 17 18 20 21 22 | 22.0
Bows           | 5 6 7 8 10 13 15 17 19 20 22 | 22.0
Evocations     | 5 8 |  8.0
Armour         | 3 8 12 15 17 18 19 20 | 20.8
Invocations    | 4 6 8 |  8.0
Axes           | 12 17 18 | 18.0
Spellcasting   | 5 10 15 | 15.0
Translocations | 5 10 | 10.0
Air Magic      | 2 20 | 20.0
Charms         | 2 15 | 15.0
Stealth        | |  1.0

Inventory:

Hand Weapons
 a - the +9 longbow of Optimality (weapon) {god gift, speed, Int+2}
   (Okawaru gifted it to you on level 4 of the Lair of Beasts)

   Attacks with this weapon are significantly faster.
   It affects your intelligence (+2).
 b - the +7 broad axe of the Spinneret {drain, rF+}
   (You found it on level 4 of the Lair of Beasts)

   A truly terrible weapon, it drains the life of those it strikes.
   It protects you from fire.
Missiles
 d - 872 arrows (quivered)
 t - 9 throwing nets {!f}
Armour
 c - a +2 hat of magic resistance (worn) {god gift}
 C - the +1 pair of gloves of the Louse (worn) {god gift, rElec rC++ Str+4 Dex-4}
   (Okawaru gifted it to you on level 2 of the Vaults)

   It affects your strength (+4).
   It affects your dexterity (-4).
   It greatly protects you from cold.
   It insulates you from electricity.
 G - the +12 crystal plate armour of the Salmon (worn) {god gift, rF+ rC- Dex+2 Slay+2}
   (Okawaru gifted it to you on level 2 of the Elven Halls)

   It affects your dexterity (+2).
   It affects your accuracy and damage with ranged weapons and melee attacks
   (+2).
   It protects you from fire.
   It makes you vulnerable to cold.
 W - the +2 cloak of the Shoals (worn) {god gift, rN+ Int+4 SInv}
   (Okawaru gifted it to you on level 1 of the Spider Nest)

   It affects your intelligence (+4).
   It protects you from negative energy.
   It lets you see invisible.
Jewellery
 h - the ring of Gimellus (right hand) {rPois rF+ Str+2 SInv}
   (You took it off a deep elf knight on level 3 of the Elven Halls)

   [ring of strength]

   It affects your strength (+2).
   It protects you from fire.
   It protects you from poison.
   It lets you see invisible.
 y - an uncursed ring of resist corrosion
 z - a ring of protection from magic (left hand)
 F - the cursed necklace of Bloodlust (around neck) {*Rage +Rage MR++ Int-3 Slay+6 *Curse}
   (You found it on level 5 of the Pits of Slime)

   [amulet of rage]

   It affects your intelligence (-3).
   It affects your accuracy and damage with ranged weapons and melee attacks
   (+6).
   It affects your resistance to hostile enchantments.
   It lets you go berserk.
   It may make you go berserk in combat.
   It curses itself when equipped.
   It has a curse placed upon it.
 Q - an uncursed amulet of the gourmand
Wands
 j - a wand of enslavement (9)
 k - a wand of scattershot (13)
 m - a wand of disintegration (27)
 E - a wand of clouds (5)
 I - a wand of acid (37)
 J - a wand of digging (7)
 K - a wand of polymorph (44)
 O - a wand of paralysis (27)
 U - a wand of iceblast (11)
Scrolls
 g - 7 scrolls of immolation
 i - 24 scrolls of remove curse {@r4}
 o - 33 scrolls of teleportation {@r1}
 p - 8 scrolls of fear
 r - 12 scrolls of fog
 v - 3 scrolls of magic mapping
 A - 24 scrolls of identify {@r3}
 B - 2 scrolls of blinking {@r2}
 R - 2 scrolls of holy word
 T - 3 scrolls of summoning
 Y - 3 scrolls of silence
Potions
 e - 10 potions of mutation
 l - 9 potions of heal wounds {@q1}
 n - 15 potions of curing {@q2}
 q - 10 potions of might
 u - 6 potions of cancellation
 w - 5 potions of brilliance
 D - 5 potions of resistance
 L - 5 potions of agility
 M - 10 potions of haste {@q4}
 N - 3 potions of invisibility
 P - 10 potions of magic
Miscellaneous
 x - a phial of floods
 H - a fan of gales
 X - a lightning rod (4/4)
 Z - a lamp of fire
Comestibles
 f - 63 rations

#......≈≈≈≈≈≈≈≈≈≈## #.# ###
#.....≈≈≈≈≈≈≈≈≈≈≈≈## #.#
..###....≈≈≈≈≈≈≈≈≈≈≈≈≈≈## #.#
#.#.....≈≈≈8≈≈≈≈≈≈≈≈8≈≈≈# #.#
#.#.###.≈≈≈≈≈≈≈≈≈≈≈≈≈≈≈≈###.#
#...# #.≈≈≈≈≈≈≈≈≈...≈≈≈≈..#.#####
#...###.≈≈≈≈≈≈≈≈.≈≈≈.≈≈...#......
#.......≈≈≈≈≈≈≈>.≈≈≈≈..≈....#####
........≈..≈≈≈≈.@≈≈≈≈≈≈≈#.###
##.##....≈≈.≈≈≈.≈≈≈≈≈≈≈≈#.#
#.#....≈≈≈≈...≈≈≈≈≈≈≈≈≈#.#
#[.....≈≈≈≈≈≈≈≈≈≈≈≈≈≈≈≈#.# #
###.#..≈≈≈8≈≈≈≈≈≈≈≈8≈≈≈#.#######
#.###.≈≈≈≈≈≈≈≈≈≈≈≈≈≈.#........
#.# ##.≈≈≈≈≈≈≈≈≈≈≈≈#.#..####.#
#.# #.#≈≈≈≈≈≈≈≈≈≈..........## #.#
#.###.###..###...#.####.#


There were no monsters in sight!

Vanquished Creatures
  the Royal Jelly (Slime:5)
  7 orbs of fire
  7 ancient liches
  A juggernaut (Depths:4)
  Sojobo (Depths:2)
  A greater mummy (WizLab)
  Boris (Depths:5)
  4 Killer Klowns (Zot:5)
  Bai Suzhen (Vaults:5)
  A curse toe (Zot:4)
  Margery (Crypt:3)
  8 golden dragons
  Nikola (Shoals:4)
  Arachne (Spider:2)
  The ghost of Owio the Warrior, an adept MiGl of Okawaru (Vaults:3)
  3 bone dragons
  Rupert (D:13)
  A Brimstone Fiend (D:13)
  Jorgrun (Spider:2)
  20 tentacled monstrosities
  5 electric golems
  4 liches
  27 Orb Guardians
  Asterion (Spider:2)
  2 deep elf blademasters (Elf:3)
  3 krakens
  17 acid blobs
  7 titans
  4 quicksilver dragons
  The ghost of MordorOrchid the Blocker, an adept GnFi of Qazlal (Vaults:2)
  2 deep elf master archers (Elf:3)
  7 ancient champions
  4 death cobs
  13 shadow dragons
  The ghost of Ischutep the Executioner, an adept MiBe of Trog (Spider:3)
  3 sphinxes
  Polyphemus (Shoals:2)
  19 storm dragons
  Donald (Shoals:4)
  3 revenants
  10 tengu reavers
  4 draconian monks
  Roxanne (Spider:3)
  12 frost giants
  6 azure jellies
  20 vault wardens
  10 fire giants
  7 deep elf sorcerers
  4 draconian knights
  A corrupter (Depths:1)
  10 ghost moths
  2 draconian scorchers
  5 emperor scorpions
  A curse skull (Crypt:3)
  3 draconian stormcallers
  3 iron dragons
  3 ghouls (Crypt:1)
  14 ironheart preservers
  2 draconian annihilators
  11 deep elf elementalists
  6 entropy weavers
  2 reapers
  7 draconian shifters
  5 spriggan defenders
  14 stone giants
  25 very ugly things
  5 green draconians
  10 vampire knights
  5 red draconians
  10 deep elf annihilators
  11 deep elf demonologists
  4 white draconians
  6 spark wasps
  11 yellow draconians
  Nessos (D:13)
  7 black draconians
  Snorg (Lair:4)
  The ghost of Thantalas the Thaumaturge, a journeyman DEWz of Vehumet (Lair:5)
  5 purple draconians
  6 eidola
  A green death (Depths:4)
  9 merfolk javelineers
  9 merfolk impalers
  8 deep elf death magi
  11 ettins
  3 death oozes (Slime:5)
  A mummy priest (WizLab)
  A quicksilver dragon zombie (Depths:4)
  13 jiangshi
  15 yaktaur captains
  9 deep elf high priests
  19 great orbs of eyes
  18 ogre magi
  28 vault guards
  Harold (Orc:1)
  9 fire dragons
  A rakshasa (Depths:1)
  14 ice dragons
  4 hydras
  3 spriggan air magi
  2 merfolk avatars
  A hell beast (D:14)
  7 merfolk aquamancers
  9 centaur warriors
  4 alligator snapping turtles
  60 two-headed ogres
  25 dancing weapons
  3 death knights
  4 catoblepae
  14 deep troll shamans
  3 satyrs
  20 death yaks
  Urug (D:13)
  7 deep troll earth magi
  6 tengu warriors
  5 vampire magi
  9 small abominations
  23 deep elf knights
  5 hell knights
  8 spriggan berserkers
  7 iron trolls
  13 skeletal warriors
  2 shadow wraiths
  An unseen horror (shapeshifter) (Vaults:5)
  4 flayed ghosts
  An entropy weaver zombie (WizLab)
  4 unseen horrors
  22 sea snakes
  12 deep elf archers
  6 glowing orange brains
  An infernal demonspawn (Depths:3)
  2 torturous demonspawn
  2 shadow demons
  40 deep trolls
  10 necromancers
  8 orc knights
  An orange crystal statue (Lair:4)
  13 phantasmal warriors
  A wizard (Vaults:2)
  34 harpies
  13 ironbrand convokers
  2 oklob plants (Shoals:4)
  2 frost giant zombies
  27 orb spiders
  83 deep elf magi
  An iron dragon zombie (WizLab)
  A shadow dragon skeleton (Crypt:1)
  6 shining eyes
  30 wolf spiders
  A stone giant zombie (D:15)
  61 ugly things
  20 fauns
  2 wolf spider zombies
  18 cyclopes
  A salamander (Depths:3)
  33 moths of wrath
  2 orc sorcerers
  An elephant (shapeshifter) (Vaults:4)
  15 manticores
  2 fire giant zombies
  14 merfolk sirens
  10 elephants
  A guardian serpent (shapeshifter) (Depths:5)
  2 cyclopes (shapeshifter) (Vaults:5)
  4 black mambas
  The ghost of skumtomte the Conjurer, a novice TeCj of Vehumet (D:7)
  A water nymph (shapeshifter) (Depths:2)
  3 eyes of devastation
  10 vault sentinels
  3 ice statues (IceCv)
  2 torpor snails
  Joseph (D:7)
  9 water nymphs
  An efreet (D:15)
  A green draconian zombie (Crypt:1)
  10 spiny frogs
  A yaktaur zombie (D:15)
  2 gargoyles
  An orange demon (Depths:3)
  10 rime drakes
  71 yaktaurs
  12 demonic crawlers
  A komodo dragon (shapeshifter) (D:13)
  5 centaur skeletons
  3 human zombies
  A demonspawn zombie (WizLab)
  12 komodo dragons
  A yaktaur (shapeshifter) (Vaults:5)
  4 guardian mummies (WizLab)
  A tormentor (Depths:1)
  14 freezing wraiths
  4 human skeletons
  7 ice devils (IceCv)
  A red devil (Depths:3)
  2 hellwings (Depths:4)
  2 tengu conjurers
  A polar bear (shapeshifter) (Depths:3)
  A meliai (D:14)
  11 trolls
  2 wind drakes
  Grinder (D:6)
  4 polar bears
  A jumping spider (shapeshifter) (Vaults:5)
  43 jumping spiders
  26 merfolk
  2 ice dragon zombies (WizLab)
  A spriggan zombie (WizLab)
  25 hornets
  A tyrant leech (shapeshifter) (Depths:4)
  72 slime creatures
  An ettin zombie (Crypt:1)
  16 hippogriffs
  A frost giant simulacrum (Vaults:3)
  2 fire dragon zombies
  A guardian serpent zombie (Crypt:2)
  13 dream sheep
  2 ettin skeletons (Crypt:2)
  10 snapping turtles
  A spriggan (shapeshifter) (Vaults:5)
  9 wraiths
  3 air elementals
  7 flying skulls
  39 tarantellas
  An alligator skeleton (Crypt:2)
  100 redbacks
  3 spriggans (Depths:5)
  2 vampires
  A ynoxinul (Depths:4)
  2 yaks (shapeshifter)
  5 shadows
  21 water elementals
  2 humans (shapeshifter)
  10 wyverns
  66 yaks
  A vampire mosquito (D:14)
  4 fire elementals
  5 golden eyes
  18 humans
  4 basilisks (D:14)
  A basilisk (shapeshifter) (Vaults:5)
  2 hungry ghosts
  2 yaktaur simulacra (Vaults:1)
  3 chaos spawn
  A merfolk zombie (Crypt:3)
  Menkaure (D:6)
  A neqoxec (Depths:3)
  A soldier ant (shapeshifter) (Depths:2)
  A warg (Vaults:5)
  A torturous demonspawn zombie (WizLab)
  A soldier ant (D:13)
  4 acid dragons
  A floating eye (Slime:5)
  3 hydra simulacra (Lair:5)
  8 water moccasins
  An ogre skeleton (Vaults:1)
  2 hell hounds
  A sky beast (shapeshifter) (Depths:1)
  6 porcupines
  29 orc warriors
  A meliai simulacrum (D:14)
  2 ice beasts
  5 sky beasts
  A hornet zombie (WizLab)
  5 large abominations
  2 black bears
  9 eyes of draining
  5 phantoms
  55 ogres
  9 boggarts
  2 necrophages
  19 wolves
  28 centaurs
  An elf skeleton (Vaults:1)
  2 dream sheep skeletons
  9 crocodiles
  A salamander zombie (Crypt:3)
  3 big kobolds
  A rime drake skeleton (Crypt:1)
  14 bullfrogs
  A spiny frog simulacrum (Lair:5)
  2 wyvern zombies
  2 earth elementals
  A wyvern skeleton (D:12)
  A water moccasin zombie (D:9)
  A hornet simulacrum (D:15)
  A polar bear zombie (Crypt:2)
  6 tengu zombies
  7 scorpions
  5 killer bees (D:8)
  2 raiju skeletons
  9 wights
  2 electric eels
  5 crimson imps
  A bullfrog zombie (D:11)
  2 centaur zombies
  3 draconian simulacra (IceCv)
  A komodo dragon simulacrum (Lair:5)
  6 jellies
  A jelly (shapeshifter) (Depths:4)
  16 orc priests
  5 hounds
  Terence (D:2)
  8 iguanas
  25 orc wizards
  3 troll simulacra (IceCv)
  10 worker ants
  A polar bear simulacrum (Lair:5)
  3 spriggan simulacra
  A centaur simulacrum (IceCv)
  A naga zombie (Crypt:3)
  A dwarf skeleton (Crypt:2)
  2 hound zombies
  A felid skeleton (Crypt:3)
  A naga skeleton (Crypt:1)
  A worker ant zombie (Crypt:3)
  8 gnolls
  A steam dragon zombie (Crypt:3)
  10 adders
  2 naga simulacra (IceCv)
  5 shadow imps
  2 oozes (Lair:6)
  A halfling skeleton (Crypt:1)
  2 adder skeletons (D:6)
  3 adder zombies
  2 worms
  5 leopard geckos
  83 orcs
  3 giant cockroaches
  8 goblins
  9 hobgoblins
  18 jackals
  3 quokkas
  A ball python (D:4)
  3 bats
  5 frilled lizards
  A gnoll skeleton (Crypt:2)
  2 goblin zombies (Crypt:2)
  13 kobolds
  A kobold skeleton (Crypt:1)
  A quokka zombie (D:5)
  5 rats
  A rat skeleton (Crypt:2)
  5 crawling corpses (Elf:3)
2712 creatures vanquished.

Vanquished Creatures (others)
  A death cob (Zot:5)
  A fire giant (Depths:1)
  A redback (Vaults:5)
  A water elemental (Elf:2)
  An orc (Orc:1)
  A kobold (D:7)
  78 plants
  12 tentacles
96 creatures vanquished.

Grand Total: 2808 creatures vanquished

Levels and vault maps discovered:
D:1:      nzn_arrival_water_spiral, layout_loops_ring, serial_forest,
          infiniplex_forest_end_1, infiniplex_forest_lined_room_2,
          infiniplex_forest_clump_small, infiniplex_forest_fountain,
          infiniplex_forest_zigzag_2, infiniplex_forest_straight_1,
          kennysheep_small_spiral
D:2:      layout_loops_corners, fountainhead, moated_statue, uniq_terence
D:3:      layout_rooms, dancing_weapons_uskayaw, first_ration
D:4:      layout_cave_pools, serial_glass, glass_columns_a, glass_columns_a,
          glass_columns_b, glass_columns_a, glass_columns_a, glass_columns_a
D:5:      layout_loops_ring, xom_teletrap_fun, temple_statues,
          minmay_starry_boxes
D:6:      layout_cave_pods, serial_shops, nicolae_shop_stone, fedhas_altar_4,
          uniq_menkaure, uniq_grinder
D:7:      layout_cave_pools, overflow_temple_1_default, lemuel_round_altar,
          hellmonk_ghost_happy_afterlife, uniq_joseph
D:8:      layout_basic, okawaru_humans, serial_shops, shop
D:9:      layout_stronghold, lemuel_coloured_pillars_altar, david_lair_shrubbed,
          serial_shops, shop, shop, shop
D:10:     layout_roguey
D:11:     minmay_cornered_nines, layout_long_grid, david_orc_3, special_room
          [special_room_orc], serial_shops, kennysheep_mini,
          nicolae_gozag_zags_fifth_avenue
D:12:     layout_big_octagon, serial_shops, shop_coins, hangedman_stone_soup
D:13:     layout_irregular_city, david_vaults_3, minmay_misc_feat_iff,
          chequers_serial_rivers_small_a
D:14:     layout_roguey [special_room_mythical_zoo],
          hangedman_abyss_or_decor_clamps, minmay_between, uniq_nessos
D:15:     gammafunk_depths_entry_grave, layout_gridville, abandoned_shop
Temple:   eino_temple_scatter_basement
Lair:1:   layout_regular_city, basic_altar
Lair:2:   beast_lair_carwin_large_1, layout_regular_city,
          minmay_shoals_entry_centaurs
Lair:3:   layout_layer_cave
Lair:4:   statuecave_lemuel, layout_cave_pods, spider_nest_entry_webs,
          cheibrodos_lair_lostbears, uniq_snorg
Lair:5:   layout_loops_ring, gammafunk_ghost_icy
Lair:6:   evilmike_catoblepas_cave, layout_regular_city,
          nicolae_slime_entry_slimehenge, serial_bayou_shore_b
Shoals:1: layout_shoals, st_shoals_ruin
Shoals:2: cheibrodos_shoals_three_sisters, layout_shoals,
          nicolae_shoals_arrival_archipelago, uniq_polyphemus
Shoals:3: gammafunk_its_a_trap, layout_shoals, serial_shops, nicolae_shop_trees
Shoals:4: shoals_end_simple, layout_shoals, nicolae_shoals_this_corrosion,
          uniq_donald, uniq_nikola
Spider:1: layout_spider_delve
Spider:2: layout_spider_delve, hangedman_spider_mandibles, guppyfry_hornet_nest,
          uniq_arachne, uniq_asterion, uniq_jorgrun
Spider:3: layout_spider_delve, gammafunk_ghost_arena, uniq_roxanne
Spider:4: grunt_spider_rune_parallel
Slime:1:  layout_caves
Slime:2:  layout_caves
Slime:3:  layout_caves
Slime:4:  layout_caves
Slime:5
Orc:1:    layout_caves, portal_ice_cave_entry_animals_and_master, bloody_trog,
          uniq_harold
Orc:2:    st_orc_open, layout_caves
Elf:1:    minmay_elf_arrival_summoners, layout_loops_ring, serial_shops, shop,
          minmay_elf_crystal_hexagon, minmay_shop_mayhem
Elf:2:    layout_rooms, serial_shops, shop_statue
Elf:3:    nooodl_elf_gasket, layout_loops_ring, basic_altar
Vaults:1: v_misc_19, st_octagons_2, ontoclasm_vaults_claustrophobia,
          nicolae_vaults_network_s, v_pattern_5, hangedman_vaults_locks,
          nicolae_vaults_stairing_the_circle, v_misc_16,
          nicolae_vaults_diagonal_hallway_7, vaults_standard_mumra_x,
          vaults_dpeg_encased_lava, ontoclasm_vaults_misaligned,
          vaults_room_fancy_cross, layout_vaults_ring
Vaults:2: gammafunk_vaults_ghost_spectres, ontoclasm_vaults_bender,
          ontoclasm_vaults_twist, vaults_dpeg_spiral, v_misc_30,
          grunt_vaults_diagonal, hangedman_vaults_slice,
          nicolae_vaults_asterisk, grunt_vaults_swirl,
          nicolae_vaults_big_angled_halls, grunt_vaults_bifocal,
          nicolae_vaults_network_square, ontoclasm_vaults_ring_square,
          nicolae_vaults_little_squares_5, layout_vaults_maze_bifur
Vaults:3: gammafunk_vaults_ghost_spectres, minmay_crypt_entry_necro_gods,
          v_pattern_4, ontoclasm_vaults_fault, v_misc_28, v_misc_8,
          layout_vaults_omnigrid, serial_shops, shop
Vaults:4: vaults_room_large_hall, nicolae_vaults_asterisk,
          hangedman_vaults_stagger, nicolae_vaults_network_quincunx
          [nicolae_vaults_network_quincunx_subvault,
          nicolae_vaults_network_quincunx_subvault,
          nicolae_vaults_network_quincunx_subvault,
          nicolae_vaults_network_quincunx_subvault,
          nicolae_vaults_network_quincunx_subvault], hangedman_vaults_nails,
          nicolae_vaults_big_ls, hangedman_vaults_hat,
          nicolae_vaults_yaktaur_gun_rack, ontoclasm_vaults_pinch, v_misc_22,
          v_alt_pattern_3, vaults_dpeg_hooks, vaults_mumra_chevron_long,
          layout_vaults_big_cross
Vaults:5: uniq_bai_suzhen
Crypt:1:  layout_regular_city, chequers_big_river, st_stairs_11, minivault_26,
          grunt_crypt_arrival_webbed
Crypt:2:  layout_chaotic_city
Crypt:3:  david_glass_crypt, layout_basic, tomb_entry_forgotten_bobbens,
          uniq_margery
Depths:1: layout_twisted_cross, hell_entry, bh_walls_and_bars,
          statue_in_the_mist_lemuel, minmay_hidden_floor
Depths:2: minmay_stepped, layout_gridville, hangedman_decor_lopped,
          grunt_hell_entry_dis_mu, serial_shops, shop, serial_rivers,
          chequers_serial_rivers_micro_b, chequers_serial_rivers_small_3,
          chequers_serial_rivers_small_b, chequers_serial_rivers_small_3,
          chequers_serial_rivers_micro_c, minmay_misc_feat_x, uniq_sojobo
Depths:3: lemuel_flame_loot_2, layout_gridlike, enter_ziggurat_f,
          minmay_door_square, rand_demon_pan_entry_5, hangedman_geh_valley,
          mu_enter_wizlab_6, evilmike_butchery, minmay_staircase_windowed_small
Depths:4: hangedman_cross_cluster, layout_gridlike, roderic_lattice_a,
          minmay_room_of_horrors, serial_bayou, serial_bayou_pond_a,
          serial_bayou_lagoon_a, serial_bayou_lake_a, serial_bayou_shore_b,
          serial_shops, shop_fountains, shop, hell_entry, rand_demon_pan_entry_7
Depths:5: grunt_zot_entry_bicorn, layout_cave_shapes, hell_entry,
          nicolae_twisting_strands, minmay_shop_grove, uniq_boris
Zot:1:    layout_misc_corridors
Zot:2:    layout_misc_corridors, st_stairs_14, grunt_ministairs_1,
          hangedman_spider_trapstep
Zot:3:    layout_onion, drop_trap
Zot:4:    layout_onion, lemuel_golem_globe
Zot:5:    layout_misc_corridors


Message History

(V) Vaults (C) Crypt (W) Tomb (U) Depths (H) Hell (Z) Zot
Where to? (Enter - D:1 @ (x,y), ? - help)
What level of the Dungeon? (default 1, ? - help)
There is an escape hatch in the ceiling here.
A mysterious force pulls you upwards. The hatch slams shut behind you.
There is a stone staircase leading up here.
You fly upwards.
There is a stone staircase leading down here.
There is a stone staircase leading up here.
You fly upwards.
There is a stone staircase leading down here.
There is an escape hatch in the ceiling here.
A mysterious force pulls you upwards. The hatch slams shut behind you.
You see here a +0 spear.
There is a stone staircase leading up here.
You fly upwards.
There is a stone staircase leading down here.
There is a staircase leading out of the dungeon here.
You have escaped!

Notes
Turn   | Place    | Note
-------+----------+-------------------------------------------
     0 | D:1      | bmfx the Tengu Hunter began the quest for the Orb.
     0 | D:1      | Reached XP level 1. HP: 12/12 MP: 2/2
   340 | D:1      | Reached XP level 2. HP: 18/18 MP: 3/3
  1176 | D:1      | Reached XP level 3. HP: 13/22 MP: 4/4
  1939 | D:2      | Reached XP level 4. HP: 19/28 MP: 5/5
  2056 | D:2      | Noticed Terence
  2371 | D:2      | Killed Terence
  2371 | D:2      | Reached skill level 5 in Bows
  2930 | D:3      | Gained mutation: You can fly continuously. [Tengu growth]
  2930 | D:3      | Reached XP level 5. HP: 33/33 MP: 6/6
  3974 | D:3      | Reached XP level 6. HP: 35/39 MP: 7/7
  4038 | D:3      | Found a hide-covered altar of Uskayaw.
  4044 | D:3      | Noticed a -3 dagger
  4044 | D:3      | Noticed a +0 dagger
  4446 | D:4      | Reached skill level 5 in Fighting
  4584 | D:4      | Noticed a phantom
  4605 | D:4      | Killed a phantom
  4605 | D:4      | Reached XP level 7. HP: 37/44 MP: 8/8
  5028 | D:5      | Entered Level 5 of the Dungeon
  5587 | D:5      | Reached skill level 5 in Dodging
  5686 | D:5      | Reached XP level 8. HP: 51/51 MP: 9/9
  5708 | D:5      | Found a shimmering altar of Xom.
  6799 | D:5      | Found a staircase to the Ecumenical Temple.
  6804 | Temple   | Entered the Ecumenical Temple
  7104 | D:6      | Noticed Grinder
  7510 | D:6      | Reached skill level 5 in Evocations
  7756 | D:6      | Reached XP level 9. HP: 55/55 MP: 14/14
  7819 | D:6      | Noticed Menkaure
  8049 | D:6      | Found Oczonaod's Antique Weapon Shop.
  8056 | D:6      | Bought a bloodstained shortbow for 152 gold pieces
  8056 | D:6      | Identified the +5 shortbow of the Pit {speed, rC- rN+
                  | Dex+4} (You bought it in a shop on level 6 of the Dungeon)
  8180 | D:6      | Killed Menkaure
  8437 | D:6      | Paralysed by Grinder for 6 turns
  8447 | D:6      | Killed Grinder
  8548 | D:6      | Found a blossoming altar of Fedhas.
  9185 | D:7      | Reached skill level 1 in Armour
  9328 | D:7      | Noticed a two-headed ogre
  9329 | D:7      | Noticed a hornet
  9334 | D:7      | Killed a hornet
  9337 | D:7      | Killed a two-headed ogre
  9337 | D:7      | Reached XP level 10. HP: 60/60 MP: 17/17
  9499 | D:7      | Found a runed translucent door.
  9499 | D:7      | Noticed skumtomte's ghost (novice TeCj)
  9518 | D:7      | Found a shattered altar of Ashenzari.
  9642 | D:7      | Noticed Joseph
  9656 | D:7      | Killed Joseph
  9656 | D:7      | Reached skill level 5 in Armour
  9674 | D:7      | Found a snail-covered altar of Cheibriados.
  9786 | D:7      | of course, oka is the last god...
  9856 | D:8      | Noticed a two-headed ogre
  9910 | D:8      | Noticed a two-headed ogre
  9923 | D:8      | Killed a two-headed ogre
 10447 | D:8      | Found an iron altar of Okawaru.
 10482 | D:8      | Became a worshipper of Warmaster Okawaru
 10709 | D:8      | Killed a two-headed ogre
 10709 | D:8      | Reached * piety under Okawaru
 10709 | D:8      | Reached XP level 11. HP: 58/66 MP: 18/18
 10974 | D:8      | Found Ceuc's Food Shop.
 11155 | D:9      | Reached skill level 1 in Invocations
 11478 | D:9      | Found a white marble altar of Elyvilon.
 11762 | D:9      | Found Baiwium's Weapon Emporium.
 11781 | D:9      | Found Huemuup's Antique Weapon Boutique.
 11784 | D:9      | Found a staircase to the Lair.
 11887 | D:9      | Found Maerphuna's Antique Armour Shop.
 11890 | D:9      | Bought a pair of embroidered gloves for 210 gold pieces
 12134 | D:10     | Entered Level 10 of the Dungeon
 12135 | D:10     | Noticed a two-headed ogre
 12141 | D:10     | Killed a two-headed ogre
 12505 | D:10     | Reached ** piety under Okawaru
 12796 | D:10     | Noticed a two-headed ogre
 12852 | D:10     | Killed a two-headed ogre
 12852 | D:10     | Reached *** piety under Okawaru
 13070 | D:11     | Noticed a red ugly thing
 13242 | D:11     | Found a staircase to the Orcish Mines.
 13337 | D:11     | Reached skill level 10 in Dodging
 13432 | D:10     | Reached skill level 10 in Bows
 13536 | D:11     | Noticed a manticore
 13546 | D:11     | Killed a manticore
 13546 | D:11     | Reached **** piety under Okawaru
 13546 | D:11     | Received a gift from Okawaru
 13555 | D:11     | Found an opulent altar of Gozag.
 13571 | D:11     | Reached XP level 12. HP: 75/75 MP: 19/19
 13573 | D:11     | Found Gozag's Platinum Reserve.
 13631 | D:11     | Reached skill level 5 in Invocations
 13677 | D:11     | Found a roughly hewn altar of Beogh.
 14284 | D:11     | Found Ihymes's Gadget Boutique.
 14726 | D:12     | Found Ritoruu's Gadget Emporium.
 14755 | D:12     | Received a gift from Okawaru
 14939 | D:12     | Reached ***** piety under Okawaru
 15474 | Lair:1   | Entered Level 1 of the Lair of Beasts
 15509 | Lair:1   | Received a gift from Okawaru
 15788 | Lair:1   | Received a gift from Okawaru
 15844 | Lair:1   | Got a jewelled falchion
 15845 | Lair:1   | Identified the +7 falchion of the Empty Page {holy, +Rage
                  | rPois} (You found it on level 1 of the Lair of Beasts)
 16053 | Lair:1   | Reached XP level 13. HP: 79/79 MP: 20/20
 16067 | Lair:1   | Found a basalt altar of Yredelemnul.
 16494 | Lair:2   | Received a gift from Okawaru
 16850 | Lair:2   | Found a staircase to the Shoals.
 17063 | Lair:2   | Identified 2 scrolls of acquirement
 17143 | Lair:2   | Received a gift from Okawaru
 18642 | Lair:4   | Received a gift from Okawaru
 18659 | Lair:4   | Got a transparent longbow {god gift}
 18660 | Lair:4   | Identified the +9 longbow of Optimality {god gift, speed,
                  | Int+2} (Okawaru gifted it to you on level 4 of the Lair of
                  | Beasts)
 18802 | Lair:4   | Found a hole to the Spider Nest.
 19131 | Lair:4   | Reached skill level 10 in Fighting
 19163 | Lair:4   | Got a jewelled broad axe
 19164 | Lair:4   | Identified the +7 broad axe of the Spinneret {drain, rF+}
                  | (You found it on level 4 of the Lair of Beasts)
 19248 | Lair:4   | Noticed Snorg
 19256 | Lair:4   | Killed Snorg
 19606 | Lair:5   | Found a runed translucent gate.
 19606 | Lair:5   | Found a runed translucent gate.
 19606 | Lair:5   | Found a runed translucent gate.
 19655 | Lair:5   | Received a gift from Okawaru
 19717 | Lair:5   | Received a gift from Okawaru
 19722 | Lair:5   | Reached skill level 15 in Bows
 19729 | Lair:5   | Reached XP level 14. HP: 88/88 MP: 17/21
 19777 | Lair:5   | Received a gift from Okawaru
 19780 | Lair:5   | Got a bloodstained chain mail {god gift}
 19801 | Lair:5   | Identified the +1 chain mail of Defiance {god gift, Str+7}
                  | (Okawaru gifted it to you on level 5 of the Lair of Beasts)
 19856 | Lair:5   | Noticed Thantalas's ghost (journeyman DEWz)
 20329 | Lair:5   | Killed Thantalas's ghost
 20391 | Lair:5   | Got the ring of Limitation {Fire}
 20393 | Lair:5   | Identified the ring of Limitation {Fire +Inv rElec rN+
                  | Str+5} (You found it on level 5 of the Lair of Beasts)
 20436 | Lair:6   | Entered Level 6 of the Lair of Beasts
 20608 | Lair:6   | Found a staircase to the Slime Pits.
 21322 | Lair:6   | Received a gift from Okawaru
 21843 | Lair:6   | Reached ****** piety under Okawaru
 21843 | Lair:6   | Reached XP level 15. HP: 94/94 MP: 22/22
 21849 | Lair:6   | Received a gift from Okawaru
 22344 | D:7      | Killed skumtomte's ghost
 22538 | D:13     | Found a gate to the Vaults.
 22538 | D:13     | Noticed Rupert
 22538 | D:13     | Noticed Urug
 22538 | D:13     | Noticed Nessos
 22674 | D:13     | Killed Rupert
 22674 | D:13     | Received a gift from Okawaru
 23272 | D:13     | Killed Nessos
 23470 | D:13     | Killed Urug
 23470 | D:13     | Received a gift from Okawaru
 24352 | D:14     | Received a gift from Okawaru
 24501 | D:15     | Entered Level 15 of the Dungeon
 24567 | D:15     | Found a staircase to the Depths.
 24614 | D:15     | Received a gift from Okawaru
 24745 | D:15     | Reached XP level 16. HP: 104/104 MP: 23/23
 24890 | D:15     | Received a gift from Okawaru
 25362 | Orc:1    | Entered Level 1 of the Orcish Mines
 25386 | Orc:2    | Entered Level 2 of the Orcish Mines
 25407 | Orc:2    | Received a gift from Okawaru
 25480 | Orc:1    | Found a frozen archway.
 25541 | IceCv    | Entered an ice cave
 25877 | IceCv    | Received a gift from Okawaru
 26353 | Orc:2    | Found a staircase to the Elven Halls.
 26655 | Orc:2    | Received a gift from Okawaru
 26677 | Orc:2    | Got a crude longbow {god gift}
 26678 | Orc:2    | Identified the +2 longbow of Mastery {god gift, velocity,
                  | rPois MR+ Str+4 Int+5} (Okawaru gifted it to you on level 2
                  | of the Orcish Mines)
 26812 | Orc:2    | Found Sevem's Magic Scroll Shop.
 26920 | Orc:2    | Found Hecwisox's Food Boutique.
 26927 | Orc:2    | Reached skill level 15 in Fighting
 26945 | Orc:2    | Found Oluy's Magic Scroll Emporium.
 26952 | Orc:2    | Found Qerusk's Assorted Antiques.
 27039 | Orc:2    | Bought a scroll labeled TAZOHO LOSA for 29 gold pieces
 27176 | Orc:1    | Noticed Harold
 27356 | Orc:1    | Killed Harold
 27584 | Lair:2   | Received a gift from Okawaru
 27673 | Spider:1 | Entered Level 1 of the Spider Nest
 28216 | Spider:1 | Reached XP level 17. HP: 113/113 MP: 24/24
 28314 | Spider:1 | Received a gift from Okawaru
 28315 | Spider:1 | Got a pitted cloak {god gift}
 28326 | Spider:1 | Identified the +2 cloak of the Shoals {god gift, rN+ Int+4
                  | SInv} (Okawaru gifted it to you on level 1 of the Spider
                  | Nest)
 28794 | Spider:2 | Noticed Asterion
 28801 | Spider:2 | Killed Asterion
 28816 | Spider:2 | Noticed Jorgrun
 28828 | Spider:2 | Killed Jorgrun
 29379 | Spider:2 | Identified the cursed +1 leather armour of Ennui {rElec}
                  | (You found it on level 2 of the Spider Nest)
 29471 | Spider:2 | Noticed Arachne
 29501 | Spider:2 | Killed Arachne
 30123 | Spider:3 | Found a transporter.
 30123 | Spider:3 | Found a transporter.
 30125 | Spider:3 | Noticed Ischutep's ghost (adept MiBe)
 30227 | Spider:3 | Noticed Roxanne
 30242 | Spider:3 | Killed Roxanne
 30250 | Spider:3 | Received a gift from Okawaru
 30990 | Spider:4 | Entered Level 4 of the Spider Nest
 31507 | Spider:4 | Reached XP level 18. HP: 116/121 MP: 25/25
 31514 | Spider:4 | Reached skill level 1 in Axes
 32374 | Spider:4 | Reached skill level 5 in Axes
 32434 | Spider:4 | Received a gift from Okawaru
 32714 | Spider:4 | Received a gift from Okawaru
 32852 | Spider:4 | Received a gift from Okawaru
 32870 | Spider:4 | Received a gift from Okawaru
 32898 | Spider:4 | Received a gift from Okawaru
 33165 | Spider:4 | Got a gossamer rune of Zot
 33389 | Shoals:1 | Entered Level 1 of the Shoals
 33738 | Shoals:1 | Received a gift from Okawaru
 33754 | Shoals:1 | Reached skill level 10 in Axes
 33818 | Shoals:1 | Received a gift from Okawaru
 34988 | Shoals:2 | Noticed Polyphemus
 35011 | Shoals:2 | Killed Polyphemus
 35255 | Shoals:2 | Reached XP level 19. HP: 126/126 MP: 26/26
 35471 | Shoals:2 | Identified the Tome of Transmigration
 36588 | Shoals:3 | Learned a level 4 spell: Summon Lightning Spire
 36595 | Shoals:3 | Learned a level 6 spell: Deflect Missiles
 36615 | Shoals:3 | Found a transporter.
 36757 | Shoals:3 | Found Jeqots's Assorted Antiques.
 36768 | Shoals:3 | Received a gift from Okawaru
 37408 | Shoals:3 | Reached skill level 15 in Axes
 37555 | Shoals:3 | Found a transporter.
 38208 | Shoals:4 | Entered Level 4 of the Shoals
 38292 | Shoals:4 | Identified the cursed +1 robe "Nestra" {MR+ Regen+ Int+6
                  | Dex-4} (You found it on level 4 of the Shoals)
 38557 | Shoals:4 | Noticed Donald
 38571 | Shoals:4 | Killed Donald
 38651 | Shoals:4 | Noticed Nikola
 38675 | Shoals:4 | Killed Nikola
 39326 | Shoals:4 | Received a gift from Okawaru
 39688 | Shoals:4 | Got a barnacled rune of Zot
 39783 | Shoals:4 | Reached XP level 20. HP: 132/132 MP: 27/27
 39827 | Shoals:4 | Received a gift from Okawaru
 40894 | Elf:1    | Entered Level 1 of the Elven Halls
 40932 | Elf:1    | Received a gift from Okawaru
 40958 | Elf:1    | Reached skill level 15 in Dodging
 41442 | Elf:1    | Found Xyrch's Jewellery Shop.
 41578 | Elf:1    | Found Dovulai's Mayhem Merchandise.
 42188 | Elf:2    | Received a gift from Okawaru
 42189 | Elf:2    | Got a faintly humming crystal plate armour {god gift}
 42220 | Elf:1    | Identified the +12 crystal plate armour of the Salmon {god
                  | gift, rF+ rC- Dex+2 Slay+2} (Okawaru gifted it to you on
                  | level 2 of the Elven Halls)
 42399 | Elf:2    | Found a huge runed translucent gate.
 42399 | Elf:2    | Found a huge runed translucent gate.
 42399 | Elf:2    | Found a huge runed translucent gate.
 42402 | Elf:2    | Found a huge runed translucent gate.
 42402 | Elf:2    | Found a huge runed translucent gate.
 42482 | Elf:2    | Found Bot Qeas's Magic Scroll Emporium.
 42911 | Elf:2    | Reached skill level 10 in Armour
 43304 | Elf:3    | Entered Level 3 of the Elven Halls
 43321 | Elf:3    | Found a radiant altar of Vehumet.
 43877 | Elf:3    | Received a gift from Okawaru
 43923 | Elf:3    | Reached XP level 21. HP: 106/137 MP: 25/28
 44207 | Elf:3    | Identified the +3 scimitar of Severance {protect, *Slow
                  | +Fly Dex+3}
 44337 | Elf:3    | Received a gift from Okawaru
 44448 | Elf:3    | Identified the ring of Gimellus {rPois rF+ Str+2 SInv}
 44501 | Elf:3    | Identified the +7 war axe "Embalmer" {freeze, *Corrode
                  | rPois Str+3}
 44528 | Elf:3    | Received a gift from Okawaru
 44641 | Elf:3    | Got a fine battleaxe {god gift}
 44642 | Elf:3    | Identified the +1 battleaxe of the Forsaken Blessings {god
                  | gift, holy, *Corrode rElec Str+2 Dex+5} (Okawaru gifted it
                  | to you on level 3 of the Elven Halls)
 44681 | Elf:3    | Identified the +8 trident of the Heavens {antimagic, *Rage
                  | MR+ Str+4}
 44687 | Elf:3    | Reached skill level 15 in Armour
 45197 | Elf:3    | Identified the Compendium of Orientation and the Volcanoes
 45201 | Elf:3    | Identified the Collected Works on Mutagenic Poison
 45786 | Vaults:1 | Entered Level 1 of the Vaults
 45902 | Vaults:1 | Received a gift from Okawaru
 46911 | Vaults:1 | Received a gift from Okawaru
 46957 | Vaults:1 | Reached XP level 22. HP: 136/144 MP: 26/29
 47074 | Vaults:1 | Received a gift from Okawaru
 47147 | Vaults:1 | Got a translucent chain mail
 47158 | Vaults:1 | Identified the +8 chain mail of the Twelve Yaks {+Fly MR+
                  | Dex-4} (You found it on level 1 of the Vaults)
 47766 | Vaults:1 | Received a gift from Okawaru
 47929 | Vaults:1 | Received a gift from Okawaru
 48249 | Vaults:1 | Received a gift from Okawaru
 49087 | Vaults:2 | Received a gift from Okawaru
 49115 | Vaults:2 | Got a pair of steaming gloves {god gift}
 49126 | Vaults:2 | Identified the +1 pair of gloves of the Louse {god gift,
                  | rElec rC++ Str+4 Dex-4} (Okawaru gifted it to you on level
                  | 2 of the Vaults)
 49459 | Vaults:2 | Found a runed translucent gate.
 49459 | Vaults:2 | Found a runed translucent gate.
 49460 | Vaults:2 | Found a runed translucent gate.
 49460 | Vaults:2 | Noticed MordorOrchid's ghost (adept GnFi)
 50713 | Vaults:3 | Found Perek's Antique Armour Boutique.
 50834 | Vaults:3 | Found a staircase to the Crypt.
 50834 | Vaults:3 | Found an ancient bone altar of Kikubaaqudgha.
 50835 | Vaults:3 | Found a basalt altar of Yredelemnul.
 50959 | Vaults:3 | Found a runed translucent gate.
 50959 | Vaults:3 | Found a runed translucent gate.
 50959 | Vaults:3 | Found a runed translucent gate.
 50959 | Vaults:3 | Noticed Owio's ghost (adept MiGl)
 51161 | Vaults:4 | Reached XP level 23. HP: 152/152 MP: 30/30
 51864 | Vaults:4 | Received a gift from Okawaru
 52316 | Vaults:4 | Received a gift from Okawaru
 52753 | Vaults:4 | Received a gift from Okawaru
 52928 | Crypt:1  | Entered Level 1 of the Crypt
 53042 | Crypt:1  | Learned a level 2 spell: Blink
 54582 | Crypt:2  | Received a gift from Okawaru
 54690 | Crypt:3  | Entered Level 3 of the Crypt
 54959 | Crypt:3  | Noticed Margery
 54971 | Crypt:3  | Killed Margery
 54977 | Crypt:3  | Reached XP level 24. HP: 122/157 MP: 24/30
 55111 | Crypt:3  | Identified the amulet "Xufengel" {rF+ rC+ Regen+}
 55219 | Crypt:3  | Received a gift from Okawaru
 55547 | Crypt:3  | Found the +12 Vampire's Tooth {vamp}
 55944 | Crypt:3  | Found a staircase to the Tomb.
 56091 | Crypt:3  | Noticed an ancient lich
 56091 | Crypt:3  | Noticed an ancient lich
 56502 | Crypt:3  | Killed an ancient lich
 56509 | Crypt:3  | Killed an ancient lich
 56516 | Crypt:3  | Noticed an ancient lich
 56519 | Crypt:3  | Paralysed by a lich for 5 turns
 56534 | Crypt:3  | Killed an ancient lich
 56552 | Crypt:3  | Got a jewelled cloak
 56553 | Crypt:3  | Identified the cursed +0 cloak "Lelaiq" {+Inv MR- Stlth+}
                  | (You found it on level 3 of the Crypt)
 56568 | Crypt:3  | Got a scorched lead ring
 56568 | Crypt:3  | Got a coiled lead ring
 56569 | Crypt:3  | Identified the ring "Gukinu" {rElec rC+ rN+ Str+2 Slay-6}
                  | (You found it on level 3 of the Crypt)
 56571 | Crypt:3  | Identified the ring of Qisubach {rElec rPois rN+ Str-3}
                  | (You found it on level 3 of the Crypt)
 56823 | Depths:1 | Entered Level 1 of the Depths
 57130 | Depths:1 | Received a gift from Okawaru
 57339 | Depths:1 | Found a runed translucent door.
 57428 | Depths:1 | Got a scorched leather armour
 57429 | Depths:1 | Identified the +0 leather armour "Vieko" {rN+ rCorr Str-4
                  | SInv} (You found it on level 1 of the Depths)
 57480 | Depths:1 | Found a gateway to Hell.
 57564 | Depths:1 | Received a gift from Okawaru
 57565 | Depths:1 | Got a scorched crystal plate armour {god gift}
 57576 | Depths:1 | Identified the +8 crystal plate armour of Disappointment
                  | {god gift, rPois rF+ rN+ MR+} (Okawaru gifted it to you on
                  | level 1 of the Depths)
 57671 | Depths:2 | Noticed Sojobo
 57697 | Depths:2 | Killed Sojobo
 57849 | Depths:2 | Found Ciwn's Distillery.
 57921 | Depths:2 | Bought a potion of agility for 76 gold pieces
 57921 | Depths:2 | Bought a potion of curing for 57 gold pieces
 57921 | Depths:2 | Bought a potion of brilliance for 76 gold pieces
 57921 | Depths:2 | Bought a potion of agility for 76 gold pieces
 57921 | Depths:2 | Bought a potion of curing for 57 gold pieces
 57921 | Depths:2 | Bought 2 potions of haste for 380 gold pieces
 57921 | Depths:2 | Bought a potion of mutation for 152 gold pieces
 58055 | Depths:2 | Reached XP level 25. HP: 123/166 MP: 27/30
 58323 | Depths:2 | Got a steaming bone ring
 58373 | Depths:2 | Identified the ring of Polytheism {+Fly Str+6} (You found
                  | it on level 2 of the Depths)
 58375 | Depths:2 | Identified the cursed +1 scale mail "Hyafuon" {rN+ SInv}
                  | (You found it on level 2 of the Depths)
 59132 | Depths:2 | You are sucked into a shaft and drop 2 floors!
 59160 | Depths:4 | Received a gift from Okawaru
 59263 | Depths:4 | Got a smoking longbow {god gift}
 59264 | Depths:4 | Identified the +5 longbow "Newt's Death" {god gift, venom,
                  | Dex+7} (Okawaru gifted it to you on level 4 of the Depths)
 59451 | Depths:3 | Found a magical portal.
 59706 | WizLab   | Reached skill level 1 in Spellcasting
 59729 | WizLab   | Reached skill level 1 in Translocations
 59836 | WizLab   | Noticed a greater mummy
 59851 | WizLab   | Killed a greater mummy
 59866 | WizLab   | Got a twisted ring mail
 59939 | WizLab   | Got a slimy ring mail
 59940 | WizLab   | Identified the +4 ring mail of Keli {rCorr Int+4 Dex-3}
                  | (You found it in a wizard's laboratory)
 59942 | WizLab   | Identified the cursed +0 ring mail "Put-Me-On" {rF+ Str+3
                  | Stlth+} (You found it in a wizard's laboratory)
 60445 | Depths:3 | Found a gateway to a ziggurat.
 60469 | Depths:3 | Found a one-way gate leading to the halls of Pandemonium.
 60976 | Depths:3 | Received a gift from Okawaru
 61417 | Depths:4 | Noticed a juggernaut
 61433 | Depths:4 | Killed a juggernaut
 61679 | Depths:4 | Received a gift from Okawaru
 61741 | Depths:4 | Reached skill level 5 in Spellcasting
 62064 | Depths:4 | Reached skill level 5 in Translocations
 62211 | Depths:4 | Reached XP level 26. HP: 174/174 MP: 32/32
 62288 | Depths:4 | Received a gift from Okawaru
 62402 | Depths:4 | Found Ylaoz's Gadget Emporium.
 62843 | Depths:4 | Found Furoff's Antique Weapon Boutique.
 62884 | Depths:4 | Found a one-way gate to the infinite horrors of the Abyss.
 63520 | Depths:5 | Entered Level 5 of the Depths
 63676 | Depths:5 | Received a gift from Okawaru
 64344 | Depths:5 | Found Duwief's Jewellery Shop.
 64344 | Depths:5 | Found Yjaud's Gadget Emporium.
 64345 | Depths:5 | Found Tutim's Gadget Emporium.
 64386 | Depths:5 | Noticed Boris
 64401 | Depths:5 | Killed Boris
 64831 | Depths:5 | Found a gate to the Realm of Zot.
 65733 | Spider:3 | Killed Ischutep's ghost
 66178 | Vaults:2 | Killed MordorOrchid's ghost
 66178 | Vaults:2 | Reached skill level 10 in Spellcasting
 66371 | Vaults:3 | Killed Owio's ghost
 66752 | Slime:1  | Entered Level 1 of the Pits of Slime
 66755 | Slime:1  | Gained mutation: You are occasionally teleported next to
                  | monsters. [a shining eye]
 66775 | Slime:1  | Reached skill level 10 in Translocations
 66780 | Slime:1  | Reached skill level 1 in Air Magic
 66784 | Slime:1  | Reached skill level 1 in Charms
 66836 | Slime:1  | Lost mutation: You are occasionally teleported next to
                  | monsters. [potion of mutation]
 66836 | Slime:1  | Gained mutation: You are resistant to electric shocks.
                  | (rElec) [potion of mutation]
 66836 | Slime:1  | Gained mutation: Your body sometimes deteriorates upon
                  | taking damage. [potion of mutation]
 66836 | Slime:1  | Gained mutation: You are partially covered in iridescent
                  | scales. (AC +2) [potion of mutation]
 66836 | Slime:1  | Gained mutation: You passively map a small area around you.
                  | [potion of mutation]
 67044 | Slime:2  | Received a gift from Okawaru
 67060 | Slime:2  | Gained mutation: Your magical capacity is low. (-10% MP) [a
                  | shining eye]
 67088 | Slime:2  | Learned a level 1 spell: Apportation
 67171 | Slime:3  | Reached XP level 27. HP: 164/179 MP: 32/34
 67840 | Slime:5  | Entered Level 5 of the Pits of Slime
 67844 | Slime:5  | Reached skill level 5 in Air Magic
 67882 | Slime:5  | Reached skill level 5 in Charms
 67996 | Slime:5  | Found a viscous altar of Jiyva.
 68001 | Slime:5  | Noticed the Royal Jelly
 68025 | Slime:5  | Killed the Royal Jelly
 68154 | Slime:5  | Found the +3 giant club "Skullcrusher" {speed, Str+7}
 68159 | Slime:5  | Found the cursed necklace of Bloodlust {*Rage +Rage MR++
                  | Int-3 Slay+6 *Curse}
 68179 | Slime:5  | Got a slimy rune of Zot
 68181 | Slime:5  | Identified the cursed +1 great mace of Lies {freeze, +Blink
                  | Str+3 Dex+2} (You found it on level 5 of the Pits of Slime)
 68207 | Slime:5  | Identified the cursed +0 great mace of Keugen {elec,
                  | Fragile +Rage rF+++ SInv} (You found it on level 5 of the
                  | Pits of Slime)
 68232 | Slime:5  | Got a fine chain mail
 68233 | Slime:5  | Identified the +1 chain mail of Edupsegg {rC+ rN+ MR-} (You
                  | found it on level 5 of the Pits of Slime)
 68779 | Vaults:5 | Entered Level 5 of the Vaults
 69029 | Vaults:5 | Reached skill level 10 in Air Magic
 69288 | Vaults:5 | Received a gift from Okawaru
 70071 | Vaults:5 | Received a gift from Okawaru
 70292 | Vaults:5 | Received a gift from Okawaru
 70311 | Vaults:5 | Reached skill level 10 in Charms
 70328 | Vaults:5 | Identified the +1 pair of gloves of Vanity {rPois rN+} (You
                  | acquired it on level 5 of the Vaults)
 70457 | Vaults:5 | Received a gift from Okawaru
 70634 | Vaults:5 | Noticed Bai Suzhen
 70667 | Vaults:5 | Killed Bai Suzhen
 70750 | Vaults:5 | Received a gift from Okawaru
 70783 | Vaults:5 | Reached skill level 15 in Air Magic
 70801 | Vaults:5 | Received a gift from Okawaru
 71085 | Vaults:5 | Identified the Almanac of the Frigorific Traveller
 71269 | Vaults:5 | Identified the Reference Book on Fiery Conjuration
 71416 | Vaults:5 | Got a silver rune of Zot
 71563 | Vaults:5 | Identified the Guide on Execration and the Arsonist
 72167 | Zot:1    | Entered Level 1 of the Realm of Zot
 72323 | Zot:1    | Received a gift from Okawaru
 72554 | Zot:1    | Got a shimmering ring mail
 73492 | Zot:2    | Noticed an orb of fire
 73496 | Zot:2    | Gained mutation: You tend to lose your temper in combat.
                  | [an orb of fire]
 73502 | Zot:2    | Killed an orb of fire
 74172 | Zot:3    | Identified the +1 ring mail "Yruhatz" {rF+ rN+++ Int+4
                  | Stlth-} (You found it on level 1 of the Realm of Zot)
 74511 | Zot:3    | Received a gift from Okawaru
 74836 | Zot:3    | Received a gift from Okawaru
 74837 | Zot:3    | Identified the +5 plate armour of Ydghuck {god gift, rC+}
                  | (Okawaru gifted it to you on level 3 of the Realm of Zot)
 75704 | Zot:5    | Entered Level 5 of the Realm of Zot
 76121 | Zot:5    | Noticed an ancient lich
 76122 | Zot:5    | Noticed an orb of fire
 76126 | Zot:5    | Noticed an ancient lich
 76129 | Zot:5    | Noticed an orb of fire
 76149 | Zot:5    | Noticed an orb of fire
 76155 | Zot:5    | Gained mutation: You occasionally shout uncontrollably at
                  | your foes. [an orb of fire]
 76156 | Zot:5    | Killed an orb of fire
 76156 | Zot:5    | Received a gift from Okawaru
 76159 | Zot:5    | Noticed an orb of fire
 76162 | Zot:5    | Killed an ancient lich
 76188 | Zot:5    | Killed an orb of fire
 76193 | Zot:5    | Noticed an ancient lich
 76193 | Zot:5    | Killed an orb of fire
 76207 | Zot:5    | Killed an orb of fire
 76207 | Zot:5    | Received a gift from Okawaru
 76225 | Zot:5    | Killed an ancient lich
 76244 | Zot:5    | Noticed an orb of fire
 76260 | Zot:5    | Killed an orb of fire
 76264 | Zot:5    | Killed an ancient lich
 76346 | Zot:5    | Reached skill level 15 in Spellcasting
 76362 | Zot:5    | Received a gift from Okawaru
 76750 | Zot:5    | Received a gift from Okawaru
 76750 | Zot:5    | Reached skill level 15 in Charms
 76888 | Zot:5    | Noticed an orb of fire
 76909 | Zot:5    | Noticed an ancient lich
 76920 | Zot:5    | Killed an orb of fire
 76944 | Zot:5    | Killed an ancient lich
 77587 | Zot:5    | Lost mutation: You tend to lose your temper in combat.
                  | [potion of mutation]
 77587 | Zot:5    | Lost mutation: You occasionally shout uncontrollably at
                  | your foes. [potion of mutation]
 77587 | Zot:5    | Gained mutation: Your flesh is heat resistant. (rF+)
                  | [potion of mutation]
 77587 | Zot:5    | Lost mutation: You passively map a small area around you.
                  | [potion of mutation]
 77587 | Zot:5    | Gained mutation: You expend magic power (3 MP) to
                  | strengthen your wands. [potion of mutation]
 77588 | Zot:5    | Lost mutation: You expend magic power (3 MP) to strengthen
                  | your wands. [potion of mutation]
 77588 | Zot:5    | Lost mutation: Your magical capacity is low. (-10% MP)
                  | [potion of mutation]
 77588 | Zot:5    | Lost mutation: Your body sometimes deteriorates upon taking
                  | damage. [potion of mutation]
 77588 | Zot:5    | Lost mutation: Your flesh is heat resistant. (rF+) [potion
                  | of mutation]
 77588 | Zot:5    | Gained mutation: You are dopey. (Int -2) [potion of
                  | mutation]
 77588 | Zot:5    | Gained mutation: Your muscles are strong. (Str +2) [potion
                  | of mutation]
 77608 | Zot:5    | Got the Orb of Zot
 78190 | D:$      | Escaped with the Orb!
